 Dungeon Crawl Stone Soup version 0.29-a0-857-g9b1aa3ac5b (webtiles) character file.

Game seed: 16797853949470850378

32 nxtlvl the Cutter (level 3, -2/22 HPs)
             Began as a Deep Elf Monk on July 16, 2022.
             Slain by an orc
             ... wielding a +0 whip of venom
              (4 damage)
             ... on level 1 of the Dungeon.
             The game lasted 00:02:53 (427 turns).

nxtlvl the Cutter (Deep Elf Monk)                    Turns: 427, Time: 00:02:54

Health: -2/22      AC:  2    Str:  8    XL:     3   Next: 8%
Magic:  5/5        EV: 13    Int: 16    God:
Gold:   31         SH:  5    Dex: 17    Spells: 2/2 levels left

rFire   . . .      SeeInvis .   a - +0 short sword
rCold   . . .      Faith    .   (no shield)
rNeg    . . .      Spirit   .   b - +0 robe
rPois   +          Reflect  +   (no helmet)
rElec   .          Harm     .   (no cloak)
rCorr   .          Rampage  .   (no gloves)
Will    .....                   (no boots)
Stlth   ++........              f - amulet of reflection
HPRegen 0.07/turn               h - ring of poison resistance
MPRegen 0.09/turn               (no ring)

@: no status effects
A: no striking features
a: no special abilities


You were on level 1 of the Dungeon.
You visited 1 branch of the dungeon, and saw 2 of its levels.

You collected 31 gold pieces.

Inventory:

Hand Weapons
 a - a +0 short sword (weapon)
Missiles
 g - 20 stones (quivered)
Armour
 b - a +0 robe (worn)
Jewellery
 f - an amulet of reflection (around neck)
 h - a ring of poison resistance (left hand)
Scrolls
 e - 3 scrolls of fog {unknown}
 j - a scroll of torment {unknown}
 k - a scroll of identify {unknown}
Potions
 c - a potion of ambrosia
 d - 2 potions of heal wounds {unknown}
 i - a potion of curing {unknown}


   Skills:
 - Level 2.4 Fighting
 + Level 4.3 Short Blades
 - Level 3.6 Dodging
 - Level 2.4 Stealth


You had 2 spell levels left.
You didn't know any spells.
Your spell library was empty.

Dungeon Overview and Level Annotations

Branches:
Dungeon (2/15)

Altars:


Message History

You block the goblin's attack.
You hit the goblin.
You kill the goblin!
You have reached level 3!
Your experience leads to an increase in your attributes!
Increase (S)trength, (I)ntelligence, or (D)exterity?
You feel clever. x2
Things that are here:
a +0 dagger; a goblin corpse A dart slug comes into view.
You hit the dart slug but do no damage. The dart slug misses you.
You hit the dart slug.
The dart slug is lightly wounded.
The dart slug barely misses you.
You hit the dart slug.
The dart slug is heavily wounded.
You hit the dart slug.
The dart slug is almost dead.
The dart slug bites you.
You hit the dart slug.
You kill the dart slug!
You see here a dart slug corpse.
Found a scroll labelled EPUORUJEHO.
j - a scroll labelled EPUORUJEHO
There is a stone staircase leading down here.
k - a scroll labelled NEFUSE QYWNI
There is a stone staircase leading down here.
You climb downwards.
The orc shouts! x4; You hear an angry hiss.
Found a scroll labelled BIGOIT EWOZAYNIMO and 6 stones.
There is a stone staircase leading up here.
The orc closely misses you.
The orc priest invokes the aid of Beogh against you.
Beogh smites you!
Ouch! That really hurt!
* * * LOW HITPOINT WARNING * * *
You climb upwards.
There is a stone staircase leading down here.
The orc hits you with a +0 whip of venom.
You die...

.......# #......#
###.##.# ....#
################ .####
#.............#
.#####.##.###########.#
.......##.# ##### #.#
.########.# #...# #.#
.# #.####..@####†# .#
####.##...>o..##.#
.#####....##..o.......#
..........##.......####
.#####....####...### .#
##.#.# #...#
#######...#####.#######
............).........#
#####.................#


You could see 2 orcs.

Vanquished Creatures
  2 dart slugs (D:1)
  3 ball pythons (D:1)
  2 endoplasms (D:1)
  3 giant cockroaches (D:1)
  4 hobgoblins (D:1)
  2 kobolds (D:1)
  A bat (D:1)
  2 frilled lizards (D:1)
  4 goblins (D:1)
  A rat (D:1)
24 creatures vanquished.

Notes
Turn   | Place    | Note
-------+----------+-------------------------------------------
     0 | D:1      | nxtlvl the Deep Elf Monk began the quest for the Orb.
     0 | D:1      | Reached XP level 1. HP: 13/13 MP: 3/3
    37 | D:1      | Found a faded altar of an unknown god.
   104 | D:1      | Reached XP level 2. HP: 9/18 MP: 4/4
   233 | D:1      | Reached skill level 4 in Short Blades
   379 | D:1      | Reached XP level 3. HP: 11/22 MP: 5/5
   427 | D:1      | Slain by an orc

Illustrated notes

Levels and vault maps discovered:
D:1:      dpeg_arrival_solitude, layout_loops_ring,
          ebering_ecumenical_altar_sacrificial
D:2:      layout_loops_cross, minmay_misc_feat_chi, minmay_hedge_maze

Skill      XL: |  1  2 |
---------------+-------+-----
Short Blades   | 4 |  4.3
Fighting       | |  2.4
Dodging        | |  3.6
Stealth        | |  2.4

Action                   || total
-------------------------++-------
Melee: Short sword       ||    75
       Punch             ||     3
 Stab: Distracted        ||     1
       Sleeping          ||     1
Armor: Robe              ||     8
Dodge: Dodged            ||    27
Block: Other             ||    19
       Reflection        ||     1

Table legend: (Time is in decaauts)
 A = Elapsed time spent in this place.
 B = Non-inter-level travel time spent in this place.
 C = Inter-level travel time spent in this place.
 D = Time resting spent in this place.
 E = Time spent auto-exploring this place.
 F = Levels seen in this place.
 G = Mean time per level.
                   A        B        C        D        E       F      G
               +--------+--------+--------+--------+--------+-----+--------+
         Total |    419 |    419 |      0 |      0 |      0 |   2 |  209.5 |
       Dungeon |    419 |    419 |      0 |      0 |      0 |   2 |  209.5 |
               +--------+--------+--------+--------+--------+-----+--------+

Top non-repeatable levels by time:
     D:1: 418 daAuts
     D:2: 1 daAuts
